Kelowna Rockets vs Orlando Solar Bears
Created - Thursday, March 7, 2024 at 07:01
Goals
|
| Kelowna Rockets |
1 |
1 |
2 |
4 |
| Orlando Solar Bears |
2 |
2 |
2 |
6 |
|
Shots
|
| Kelowna Rockets |
8 |
8 |
13 |
29 |
| Orlando Solar Bears |
12 |
13 |
12 |
37 |
|
1st period
1. Orlando Solar Bears , Alex Turcotte 2 (Adam Beckman 2, Victor Soderstrom 6) at 14:52
2. Orlando Solar Bears , Philip Tomasino 11 (Jordan Martinook 14) at 15:14
3. Kelowna Rockets , Jack Drury 12 (Bobby McMann 13, Anttoni Honka 11) at 16:27 (PP)
Penalties :
Elliot Desnoyers (OSB) for Fighting (Major) at 4:32, Roby Jarventie (KEL) for Fighting (Major) at 4:32, Tomas Tatar (OSB) for Holding (Minor) at 15:56
2nd period
4. Orlando Solar Bears , Alexander Kerfoot 9 (Jason Dickinson 17, Tomas Tatar 18) at 1:32
5. Kelowna Rockets , Joel Kiviranta 8 (Matias Maccelli 28, Riley Nash 27) at 13:33 (PP)
6. Orlando Solar Bears , Tomas Tatar 17 (Jason Dickinson 18) at 14:51
Penalties :
Connor Zary (KEL) for High sticking (Minor) at 2:59, Joel Kiviranta (KEL) for Tripping (Minor) at 7:53, Jarred Tinordi (OSB) for Hooking (Minor) at 12:51, Anttoni Honka (KEL) for Hooking (Minor) at 15:05, Riley Nash (KEL) for Charging (Minor) at 18:15
3rd period
7. Kelowna Rockets , Matias Maccelli 18 (Riley Nash 28, Lucas Johansen 5) at 4:47
8. Orlando Solar Bears , Martin Pospisil 1 (Victor Soderstrom 7, Alex Turcotte 2) at 7:46
9. Orlando Solar Bears , Philip Tomasino 12 (Elliot Desnoyers 9, TJ Brodie 6) at 13:47
10. Kelowna Rockets , Matias Maccelli 19 (Riley Nash 29) at 16:34
Penalties :
Braden Holtby (OSB) for Slashing (Minor) at 10:39 - Lukas Cormier served the penalty
Goalie Stats
Arvid Holm (KEL), 31 saves from 37 shots - (0.838), L, 9-8-4, 60:00 minutes
Braden Holtby (OSB), 25 saves from 29 shots - (0.862), W, 7-3-0, 60:00 minutes
Players Stats for Kelowna Rockets
Player Name G A P +/- PIM S H SB GA TA FO MP PP MP PK MP
------------------------------------------------------------------------------------
Anttoni Honka 0 1 1 -1 2 3 1 1 0 0 0/0 23:47 1:26 2:42
Bobby McMann 0 1 1 -3 0 1 2 1 1 0 0/1 19:49 1:26 3:46
Connor Zary 0 0 0 -1 2 4 1 0 1 0 6/9 13:09 0:00 0:00
Eemil Viro 0 0 0 -2 0 0 0 0 0 1 0/0 13:01 0:00 0:05
Henri Nikkanen 0 0 0 0 0 0 0 0 0 0 0/0 1:48 0:11 0:00
Jack Drury 1 0 1 -3 0 1 1 0 0 0 7/12 15:25 1:20 0:00
Jacob Perreault 0 0 0 -3 0 2 2 1 0 0 0/0 15:31 1:26 0:00
Jasper Weatherby 0 0 0 0 0 0 1 0 0 0 0/1 5:40 0:17 1:02
Joel Kiviranta 1 0 1 0 2 3 0 1 0 0 1/1 16:52 1:35 2:32
Kim Nousiainen 0 0 0 -2 0 0 0 0 0 1 0/0 13:51 0:00 1:11
Lucas Johansen 0 1 1 -1 0 0 0 0 0 1 0/0 22:23 1:46 4:03
Matias Maccelli 2 1 3 0 0 4 3 0 0 0 0/2 24:38 1:35 3:35
Mavrik Bourque 0 0 0 0 0 1 0 0 0 0 2/5 7:35 0:00 0:00
Maxence Guenette 0 0 0 -1 0 3 2 0 0 0 0/0 24:57 1:26 3:53
Nicholas Caamano 0 0 0 -1 0 2 1 1 0 0 1/1 13:26 0:11 0:05
Oskari Laaksonen 0 0 0 -1 0 0 1 0 0 0 0/0 22:02 1:46 3:58
Riley Nash 0 3 3 0 2 4 2 0 1 0 10/22 23:52 1:35 2:38
Roby Jarventie 0 0 0 -1 5 1 1 0 1 1 1/3 14:13 0:00 2:14
Players Stats for Orlando Solar Bears
Player Name G A P +/- PIM S H SB GA TA FO MP PP MP PK MP
------------------------------------------------------------------------------------
Adam Beckman 0 1 1 2 0 2 1 0 0 0 0/0 9:45 0:13 0:00
Adam Ruzicka 0 0 0 0 0 2 3 0 1 0 0/3 12:53 0:15 0:00
Alex Turcotte 1 1 2 2 0 4 0 0 0 0 3/4 9:15 0:00 0:00
Alexander Kerfoot 1 0 1 0 0 5 2 2 1 0 0/0 19:03 3:51 1:31
Elliot Desnoyers 0 1 1 2 5 1 4 0 0 0 8/15 16:43 3:52 0:00
Isaak Phillips 0 0 0 1 0 0 2 0 0 0 0/0 21:10 3:42 1:37
Jarred Tinordi 0 0 0 2 2 0 4 1 0 0 0/0 25:38 4:14 1:07
Jason Dickinson 0 2 2 0 0 2 1 3 0 1 8/19 19:32 4:02 1:41
Jordan Martinook 0 1 1 2 0 3 2 0 1 0 0/1 17:52 3:52 0:00
Justin Danforth 0 0 0 0 0 1 3 1 0 0 0/1 11:41 0:00 0:00
Lukas Cormier 0 0 0 1 0 0 0 0 0 2 0/0 13:20 0:00 0:28
Martin Pospisil 1 0 1 2 0 1 1 0 0 0 0/0 9:15 0:00 0:00
Philip Tomasino 2 0 2 2 0 5 5 0 1 1 0/1 19:42 3:52 1:41
Thomas Bordeleau 0 0 0 0 0 4 1 0 0 0 7/10 11:57 0:00 0:03
TJ Brodie 0 1 1 2 0 0 1 1 0 0 0/0 26:07 4:14 1:35
Tomas Tatar 1 1 2 0 2 5 3 0 0 0 3/3 18:59 3:51 1:28
Travis Dermott 0 0 0 1 0 0 1 0 0 0 0/0 21:10 3:42 1:37
Victor Soderstrom 0 2 2 1 0 2 4 1 0 0 0/0 12:43 0:00 0:00
3 Stars
1 - Philip Tomasino (OSB)
2 - Matias Maccelli (KEL)
3 - Alex Turcotte (OSB)
Power Play
Kelowna Rockets - 2 on 3 Attempt(s) - 66.67%
Orlando Solar Bears - 0 on 4 Attempt(s) - 0.00%
Penalty Kill
Kelowna Rockets - 4 on 4 Attempt(s) - 100.00%
- Score 0 goal in Penalty Kill
Orlando Solar Bears - 1 on 3 Attempt(s) - 33.33%
- Score 0 goal in Penalty Kill
Team Stat
Kelowna Rockets - Hits : 18 - Faceoff Wins : 28 - Blocked Shots : 5 - Penalty Minutes : 13
Orlando Solar Bears - Hits : 38 - Faceoff Wins : 29 - Blocked Shots : 9 - Penalty Minutes : 11
Official
Referees : Brad Watson and Kelly Sutherland
Linesman : David Brisebois and Shane Heyer
Game Notes
Roby Jarventie beats up Elliot Desnoyers at 4:32 of 1st period
Kelowna Rockets
5 vs 5 Forward
Center Left Wing Right Wing Time % Phy DF OF
1 Riley Nash Matias Maccelli Joel Kiviranta 30 1 2 2
2 Jack Drury Bobby McMann Jacob Perreault 30 1 2 2
3 Connor Zary Roby Jarventie Nicholas Caamano 25 1 2 2
4 Mavrik Bourque Riley Nash Matias Maccelli 15 1 2 2
5 vs 5 Defense
Defense Defense Time % Phy DF OF
1 Maxence Guenette Anttoni Honka 30 1 2 2
2 Lucas Johansen Oskari Laaksonen 30 1 2 2
3 Eemil Viro Kim Nousiainen 25 1 2 2
4 Maxence Guenette Anttoni Honka 15 1 2 2
PowerPlay Forward
Center Left Wing Right Wing Time % Phy DF OF
1 Riley Nash Matias Maccelli Joel Kiviranta 50 1 2 2
2 Jack Drury Bobby McMann Jacob Perreault 50 1 2 2
PowerPlay Defense
Defense Defense Time % Phy DF OF
1 Maxence Guenette Anttoni Honka 50 1 2 2
2 Lucas Johansen Oskari Laaksonen 50 1 2 2
Penalty Kill 4 Players Forward
Center Wing Time % Phy DF OF
1 Riley Nash Matias Maccelli 50 1 2 2
2 Joel Kiviranta Bobby McMann 50 1 2 2
Penalty Kill 4 Players Defense
Defense Defense Time % Phy DF OF
1 Maxence Guenette Anttoni Honka 50 1 2 2
2 Lucas Johansen Oskari Laaksonen 50 1 2 2
Penalty Kill - 3 Players Forward
Forward Time % Phy DF OF
1 Riley Nash 50 1 2 2
2 Matias Maccelli 50 1 2 2
Penalty Kill - 3 Players Defense
Defense Defense Time % Phy DF OF
1 Maxence Guenette Anttoni Honka 50 1 2 2
2 Lucas Johansen Oskari Laaksonen 50 1 2 2
4 vs 4 Forward
Center Wing Time % Phy DF OF
1 Riley Nash Matias Maccelli 50 1 2 2
2 Joel Kiviranta Bobby McMann 50 1 2 2
4 vs 4 Defense
Defense Defense Time % Phy DF OF
1 Maxence Guenette Anttoni Honka 50 1 2 2
2 Lucas Johansen Oskari Laaksonen 50 1 2 2
Last Minutes Offensive
Center Left Wing Right Wing Defense Defense
Riley Nash Matias Maccelli Joel Kiviranta Maxence Guenette Anttoni Honka
Last Minutes Defensive
Center Left Wing Right Wing Defense Defense
Riley Nash Matias Maccelli Joel Kiviranta Maxence Guenette Anttoni Honka
Goaltenders
Starting : Arvid Holm
Backup : Eetu Makiniemi
Extra Forwards
Normal : Jasper Weatherby, Henri Nikkanen, Roby Jarventie - PP : Jasper Weatherby, Henri Nikkanen - PK : Roby Jarventie
Extra Defensemen
Normal : Eemil Viro, Kim Nousiainen, Lucas Johansen - PP : Eemil Viro - PK : Kim Nousiainen, Lucas Johansen
Penalty Shots
Riley Nash, Matias Maccelli, Joel Kiviranta, Bobby McMann, Roby Jarventie
Orlando Solar Bears
5 vs 5 Forward
Center Left Wing Right Wing Time % Phy DF OF
1 Jason Dickinson Tomas Tatar Alexander Kerfoot 30 1 2 2
2 Elliot Desnoyers Philip Tomasino Jordan Martinook 30 1 2 2
3 Thomas Bordeleau Adam Ruzicka Justin Danforth 25 1 2 2
4 Alex Turcotte Adam Beckman Martin Pospisil 15 1 2 2
5 vs 5 Defense
Defense Defense Time % Phy DF OF
1 TJ Brodie Jarred Tinordi 30 1 2 2
2 Isaak Phillips Travis Dermott 30 1 2 2
3 Victor Soderstrom Lukas Cormier 25 1 2 2
4 TJ Brodie Jarred Tinordi 15 1 2 2
PowerPlay Forward
Center Left Wing Right Wing Time % Phy DF OF
1 Jason Dickinson Tomas Tatar Alexander Kerfoot 50 1 2 2
2 Elliot Desnoyers Philip Tomasino Jordan Martinook 50 1 2 2
PowerPlay Defense
Defense Defense Time % Phy DF OF
1 TJ Brodie Jarred Tinordi 50 1 2 2
2 Isaak Phillips Travis Dermott 50 1 2 2
Penalty Kill 4 Players Forward
Center Wing Time % Phy DF OF
1 Tomas Tatar Alexander Kerfoot 50 1 2 2
2 Jason Dickinson Philip Tomasino 50 1 2 2
Penalty Kill 4 Players Defense
Defense Defense Time % Phy DF OF
1 TJ Brodie Jarred Tinordi 50 1 2 2
2 Isaak Phillips Travis Dermott 50 1 2 2
Penalty Kill - 3 Players Forward
Forward Time % Phy DF OF
1 Tomas Tatar 50 1 2 2
2 Alexander Kerfoot 50 1 2 2
Penalty Kill - 3 Players Defense
Defense Defense Time % Phy DF OF
1 TJ Brodie Jarred Tinordi 50 1 2 2
2 Isaak Phillips Travis Dermott 50 1 2 2
4 vs 4 Forward
Center Wing Time % Phy DF OF
1 Tomas Tatar Alexander Kerfoot 50 1 2 2
2 Jason Dickinson Philip Tomasino 50 1 2 2
4 vs 4 Defense
Defense Defense Time % Phy DF OF
1 TJ Brodie Jarred Tinordi 50 1 2 2
2 Isaak Phillips Travis Dermott 50 1 2 2
Last Minutes Offensive
Center Left Wing Right Wing Defense Defense
Jason Dickinson Tomas Tatar Alexander Kerfoot TJ Brodie Jarred Tinordi
Last Minutes Defensive
Center Left Wing Right Wing Defense Defense
Jason Dickinson Tomas Tatar Alexander Kerfoot TJ Brodie Jarred Tinordi
Goaltenders
Starting : Braden Holtby
Backup : Vadim Zherenko
Extra Forwards
Normal : Adam Ruzicka, Adam Beckman, Thomas Bordeleau - PP : Adam Ruzicka, Adam Beckman - PK : Thomas Bordeleau
Extra Defensemen
Normal : Victor Soderstrom, Lukas Cormier, Isaak Phillips - PP : Victor Soderstrom - PK : Lukas Cormier, Isaak Phillips
Penalty Shots
Tomas Tatar, Alexander Kerfoot, Jason Dickinson, Philip Tomasino, Jordan Martinook
% Time on Ice - Kelowna Rockets
Lines # - Real PCT - Wanted PCT - Time Play
Normal Forward
1 - 28% - 30% - 13:36
2 - 30% - 30% - 14:54
3 - 26% - 25% - 12:47
4 - 16% - 15% - 7:35
Normal Defense
1 - 29% - 30% - 14:03
2 - 33% - 30% - 16:18
3 - 26% - 25% - 12:40
4 - 12% - 15% - 5:51
PP Forward
1 - 55% - 50% - 1:46
2 - 45% - 50% - 1:26
PP Defense
1 - 45% - 50% - 1:26
2 - 55% - 50% - 1:46
PK Forward
1 - 50% - 50% - 3:59
2 - 50% - 50% - 3:57
PK Defense
1 - 50% - 50% - 3:58
2 - 50% - 50% - 3:58
PK3 Forward
1 - 0% - 50%
2 - 0% - 50%
PK3 Defense
1 - 0% - 50%
2 - 0% - 50%
44 Forward
1 - 0% - 50%
2 - 0% - 50%
44 Defense
1 - 0% - 50%
2 - 0% - 50%
Last Minute Offensive - 0:00
Last Minute Defensive - 0:00
Total
Forward - 60:00
Defense - 60:00
|
% Time on Ice - Orlando Solar Bears
Lines # - Real PCT - Wanted PCT - Time Play
Normal Forward
1 - 28% - 30% - 13:41
2 - 29% - 30% - 14:15
3 - 24% - 25% - 11:41
4 - 19% - 15% - 9:15
Normal Defense
1 - 30% - 30% - 14:45
2 - 32% - 30% - 15:51
3 - 26% - 25% - 12:43
4 - 11% - 15% - 5:33
PP Forward
1 - 51% - 50% - 4:04
2 - 49% - 50% - 3:52
PP Defense
1 - 53% - 50% - 4:14
2 - 47% - 50% - 3:42
PK Forward
1 - 47% - 50% - 1:31
2 - 53% - 50% - 1:41
PK Defense
1 - 49% - 50% - 1:35
2 - 51% - 50% - 1:37
PK3 Forward
1 - 0% - 50%
2 - 0% - 50%
PK3 Defense
1 - 0% - 50%
2 - 0% - 50%
44 Forward
1 - 0% - 50%
2 - 0% - 50%
44 Defense
1 - 0% - 50%
2 - 0% - 50%
Last Minute Offensive - 0:00
Last Minute Defensive - 0:00
Total
Forward - 60:00
Defense - 60:00
|
Play-by-Play
1st period
0:01 of 1st period - Jason Dickinson wins face-off versus Riley Nash in neutral zone.
0:08 of 1st period - Wrist shot by Tomas Tatar.
0:08 of 1st period - Stopped by Arvid Holm with a rebound.
0:26 of 1st period - Riley Nash is hit by Justin Danforth and loses puck.
0:57 of 1st period - Elliot Desnoyers is hit by Bobby McMann and loses puck.
1:04 of 1st period - Bobby McMann is hit by Victor Soderstrom and loses puck.
1:29 of 1st period - Nicholas Caamano is hit by Victor Soderstrom and loses puck.
1:43 of 1st period - Icing by Tomas Tatar.
1:44 of 1st period - Jack Drury wins face-off versus Jason Dickinson in Orlando Solar Bears zone.
1:45 of 1st period - Slapshot by Bobby McMann.
1:45 of 1st period - Stopped by Braden Holtby without a rebound.
1:46 of 1st period - Jack Drury wins face-off versus Adam Ruzicka in Orlando Solar Bears zone.
1:47 of 1st period - Snap shot by Bobby McMann.
1:47 of 1st period - Shot Misses the Net.
1:49 of 1st period - Slapshot by Jacob Perreault.
1:49 of 1st period - Stopped by Braden Holtby without a rebound.
1:50 of 1st period - Thomas Bordeleau wins face-off versus Jack Drury in Orlando Solar Bears zone.
2:23 of 1st period - Snap shot by Riley Nash.
2:23 of 1st period - Shot Misses the Net.
2:25 of 1st period - Snap shot by Mavrik Bourque.
2:25 of 1st period - Stopped by Braden Holtby with a rebound.
2:39 of 1st period - Slapshot by Tomas Tatar.
2:39 of 1st period - Stopped by Arvid Holm with a rebound.
3:13 of 1st period - Slapshot by Jason Dickinson.
3:13 of 1st period - Stopped by Arvid Holm without a rebound.
3:14 of 1st period - Jack Drury wins face-off versus Philip Tomasino in Kelowna Rockets zone.
3:23 of 1st period - Snap shot by Philip Tomasino.
3:23 of 1st period - Shot Misses the Net.
3:56 of 1st period - Riley Nash is hit by Adam Ruzicka and loses puck.
4:13 of 1st period - Snap shot by Riley Nash.
4:13 of 1st period - Stopped by Braden Holtby with a rebound.
4:15 of 1st period - Snap shot by Riley Nash.
4:15 of 1st period - Deflect By Matias Maccelli.
4:15 of 1st period - Shot Misses the Net.
4:15 of 1st period - Puck is out of play.
4:16 of 1st period - Alex Turcotte wins face-off versus Connor Zary in Orlando Solar Bears zone.
4:27 of 1st period - Slapshot by Adam Beckman.
4:27 of 1st period - Stopped by Arvid Holm without a rebound.
4:28 of 1st period - Roby Jarventie wins face-off versus Elliot Desnoyers in Kelowna Rockets zone.
4:32 of 1st period - Roby Jarventie beats up Elliot Desnoyers.
4:32 of 1st period - Penalty to Elliot Desnoyers for Fighting.
4:32 of 1st period - Penalty to Roby Jarventie for Fighting.
4:33 of 1st period - Jason Dickinson wins face-off versus Mavrik Bourque in Orlando Solar Bears zone.
4:42 of 1st period - Slapshot by Riley Nash.
4:42 of 1st period - Shot Misses the Net.
4:44 of 1st period - Backhand shot by Riley Nash.
4:44 of 1st period - Stopped by Braden Holtby with a rebound.
4:58 of 1st period - Jarred Tinordi is hit by Jack Drury and loses puck.
5:09 of 1st period - Bobby McMann is hit by Tomas Tatar and loses puck.
5:38 of 1st period - Snap shot by Tomas Tatar.
5:38 of 1st period - Stopped by Arvid Holm without a rebound.
5:39 of 1st period - Mavrik Bourque wins face-off versus Adam Ruzicka in Kelowna Rockets zone.
6:09 of 1st period - Victor Soderstrom is hit by Jacob Perreault and loses puck.
6:32 of 1st period - Snap shot by Connor Zary.
6:32 of 1st period - Shot Misses the Net.
6:34 of 1st period - Snap shot by Connor Zary.
6:34 of 1st period - Stopped by Braden Holtby with a rebound.
7:42 of 1st period - Off-side.
7:43 of 1st period - Mavrik Bourque wins face-off versus Jason Dickinson in neutral zone.
8:07 of 1st period - Icing by Connor Zary.
8:08 of 1st period - Connor Zary wins face-off versus Adam Ruzicka in Kelowna Rockets zone.
8:21 of 1st period - Snap shot by Nicholas Caamano.
8:21 of 1st period - Shot Misses the Net.
8:53 of 1st period - Martin Pospisil is hit by Riley Nash and loses puck.
9:14 of 1st period - Snap shot by Alex Turcotte.
9:14 of 1st period - Stopped by Arvid Holm with a rebound.
9:20 of 1st period - Connor Zary is hit by Isaak Phillips.
11:24 of 1st period - Snap shot by Thomas Bordeleau.
11:24 of 1st period - Stopped by Arvid Holm with a rebound.
13:29 of 1st period - Icing by Joel Kiviranta.
13:30 of 1st period - Thomas Bordeleau wins face-off versus Mavrik Bourque in Kelowna Rockets zone.
14:02 of 1st period - Jack Drury is hit by Alexander Kerfoot and loses puck.
14:22 of 1st period - Icing by Alexander Kerfoot.
14:23 of 1st period - Elliot Desnoyers wins face-off versus Riley Nash in Orlando Solar Bears zone.
14:34 of 1st period - Slapshot by Riley Nash.
14:34 of 1st period - Shot Misses the Net.
14:52 of 1st period - Snap shot by Adam Beckman.
14:52 of 1st period - Deflect By Alex Turcotte.
14:52 of 1st period - Goal by Alex Turcotte - Kelowna Rockets : 0 - Orlando Solar Bears : 1.
14:53 of 1st period - Thomas Bordeleau wins face-off versus Riley Nash in neutral zone.
15:06 of 1st period - Snap shot by Adam Ruzicka.
15:06 of 1st period - Shot Misses the Net.
15:08 of 1st period - Snap shot by Justin Danforth.
15:08 of 1st period - Stopped by Arvid Holm without a rebound.
15:09 of 1st period - Jack Drury wins face-off versus Jordan Martinook in Kelowna Rockets zone.
15:12 of 1st period - Snap shot by Jordan Martinook.
15:12 of 1st period - Stopped by Arvid Holm with a rebound.
15:14 of 1st period - Snap shot by Philip Tomasino.
15:14 of 1st period - Goal by Philip Tomasino - Kelowna Rockets : 0 - Orlando Solar Bears : 2.
15:15 of 1st period - Riley Nash wins face-off versus Elliot Desnoyers in neutral zone.
15:18 of 1st period - TJ Brodie is hit by Matias Maccelli and loses puck.
15:56 of 1st period - Minor Penalty to Tomas Tatar for Holding.
15:57 of 1st period - Thomas Bordeleau wins face-off versus Riley Nash in Orlando Solar Bears zone.
16:08 of 1st period - Wrist shot by Riley Nash.
16:08 of 1st period - Stopped by Braden Holtby with a rebound.
16:10 of 1st period - Snap shot by Matias Maccelli.
16:10 of 1st period - Shot Blocked by Jason Dickinson.
16:27 of 1st period - Slapshot by Bobby McMann.
16:27 of 1st period - Deflect By Jack Drury.
16:27 of 1st period - Goal by Jack Drury - Kelowna Rockets : 1 - Orlando Solar Bears : 2.
16:28 of 1st period - Riley Nash wins face-off versus Thomas Bordeleau in neutral zone.
16:35 of 1st period - Snap shot by Riley Nash.
16:35 of 1st period - Deflect By Justin Danforth.
16:35 of 1st period - Shot Misses the Net.
16:35 of 1st period - Puck is out of play.
16:36 of 1st period - Thomas Bordeleau wins face-off versus Riley Nash in Orlando Solar Bears zone.
17:21 of 1st period - Snap shot by Tomas Tatar.
17:21 of 1st period - Shot Blocked by Jacob Perreault.
18:01 of 1st period - Wrist shot by Connor Zary.
18:01 of 1st period - Shot Blocked by Justin Danforth.
18:27 of 1st period - Snap shot by Thomas Bordeleau.
18:27 of 1st period - Stopped by Arvid Holm without a rebound.
18:28 of 1st period - Elliot Desnoyers wins face-off versus Jack Drury in Kelowna Rockets zone.
18:37 of 1st period - Wrist shot by Jordan Martinook.
18:37 of 1st period - Shot Misses the Net.
19:21 of 1st period - Snap shot by Adam Ruzicka.
19:21 of 1st period - Shot Blocked by Joel Kiviranta.
Goals for this period are 1 for Kelowna Rockets vs 2 for Orlando Solar Bears.
Shots for this period are 8 for Kelowna Rockets vs 12 for Orlando Solar Bears.
2nd period
0:01 of 2nd period - Tomas Tatar wins face-off versus Riley Nash in neutral zone.
0:34 of 2nd period - Snap shot by Elliot Desnoyers.
0:34 of 2nd period - Stopped by Arvid Holm with a rebound.
1:07 of 2nd period - Lucas Johansen is hit by Jarred Tinordi and loses puck.
1:30 of 2nd period - Snap shot by Jason Dickinson.
1:30 of 2nd period - Shot Misses the Net.
1:32 of 2nd period - Snap shot by Alexander Kerfoot.
1:32 of 2nd period - Goal by Alexander Kerfoot - Kelowna Rockets : 1 - Orlando Solar Bears : 3.
1:33 of 2nd period - Jason Dickinson wins face-off versus Bobby McMann in neutral zone.
1:40 of 2nd period - Wrist shot by Tomas Tatar.
1:40 of 2nd period - Shot Blocked by Bobby McMann.
1:42 of 2nd period - Wrist shot by Alexander Kerfoot.
1:42 of 2nd period - Stopped by Arvid Holm with a rebound.
1:58 of 2nd period - Matias Maccelli is hit by Elliot Desnoyers and loses puck.
2:05 of 2nd period - Snap shot by Jordan Martinook.
2:05 of 2nd period - Shot Blocked by Anttoni Honka.
2:45 of 2nd period - Backhand shot by Alexander Kerfoot.
2:45 of 2nd period - Stopped by Arvid Holm with a rebound.
2:59 of 2nd period - Minor Penalty to Connor Zary for High sticking.
3:00 of 2nd period - Riley Nash wins face-off versus Jason Dickinson in Kelowna Rockets zone.
3:11 of 2nd period - Snap shot by Joel Kiviranta.
3:11 of 2nd period - Stopped by Braden Holtby with a rebound.
3:15 of 2nd period - Snap shot by Joel Kiviranta.
3:15 of 2nd period - Stopped by Braden Holtby with a rebound.
3:17 of 2nd period - Snap shot by Joel Kiviranta.
3:17 of 2nd period - Shot Blocked by TJ Brodie.
3:19 of 2nd period - Slapshot by Anttoni Honka.
3:19 of 2nd period - Stopped by Braden Holtby without a rebound.
3:20 of 2nd period - Elliot Desnoyers wins face-off versus Riley Nash in Orlando Solar Bears zone.
3:33 of 2nd period - Lucas Johansen is hit by Philip Tomasino and loses puck.
3:55 of 2nd period - Slapshot by Tomas Tatar.
3:55 of 2nd period - Shot Hit the Post.
4:59 of 2nd period - Penalty to Connor Zary is over, Connor Zary is back on ice.
5:13 of 2nd period - Slapshot by Victor Soderstrom.
5:13 of 2nd period - Stopped by Arvid Holm with a rebound.
5:17 of 2nd period - Slapshot by Adam Beckman.
5:17 of 2nd period - Stopped by Arvid Holm with a rebound.
5:21 of 2nd period - Snap shot by Alex Turcotte.
5:21 of 2nd period - Stopped by Arvid Holm without a rebound.
5:22 of 2nd period - Nicholas Caamano wins face-off versus Justin Danforth in Kelowna Rockets zone.
5:27 of 2nd period - TJ Brodie is hit by Nicholas Caamano and loses puck.
5:50 of 2nd period - Snap shot by Matias Maccelli.
5:50 of 2nd period - Stopped by Braden Holtby without a rebound.
5:51 of 2nd period - Alex Turcotte wins face-off versus Matias Maccelli in Orlando Solar Bears zone.
6:15 of 2nd period - Nicholas Caamano is hit by Jordan Martinook and loses puck.
6:22 of 2nd period - Snap shot by Philip Tomasino.
6:22 of 2nd period - Stopped by Arvid Holm with a rebound.
6:24 of 2nd period - Slapshot by Jarred Tinordi.
6:24 of 2nd period - Shot Blocked by Nicholas Caamano.
7:53 of 2nd period - Minor Penalty to Joel Kiviranta for Tripping.
7:54 of 2nd period - Elliot Desnoyers wins face-off versus Roby Jarventie in Kelowna Rockets zone.
8:04 of 2nd period - Off-side.
8:05 of 2nd period - Elliot Desnoyers wins face-off versus Roby Jarventie in neutral zone.
8:10 of 2nd period - Lucas Johansen is hit by Philip Tomasino and loses puck.
8:31 of 2nd period - Jarred Tinordi is hit by Roby Jarventie and loses puck.
9:53 of 2nd period - Penalty to Joel Kiviranta is over, Joel Kiviranta is back on ice.
9:58 of 2nd period - Lucas Johansen is hit by Thomas Bordeleau and loses puck.
10:11 of 2nd period - Snap shot by Adam Ruzicka.
10:11 of 2nd period - Stopped by Arvid Holm with a rebound.
10:16 of 2nd period - Off-side.
10:17 of 2nd period - Alex Turcotte wins face-off versus Mavrik Bourque in neutral zone.
10:42 of 2nd period - Connor Zary is hit by Victor Soderstrom and loses puck.
11:31 of 2nd period - Anttoni Honka is hit by Alexander Kerfoot and loses puck.
11:46 of 2nd period - Travis Dermott is hit by Connor Zary and loses puck.
12:18 of 2nd period - Snap shot by Jack Drury.
12:18 of 2nd period - Deflect By TJ Brodie.
12:18 of 2nd period - Shot Misses the Net.
12:18 of 2nd period - Puck is out of play.
12:19 of 2nd period - Jack Drury wins face-off versus Elliot Desnoyers in Orlando Solar Bears zone.
12:25 of 2nd period - Icing by TJ Brodie.
12:26 of 2nd period - Connor Zary wins face-off versus Elliot Desnoyers in Orlando Solar Bears zone.
12:35 of 2nd period - Snap shot by Philip Tomasino.
12:35 of 2nd period - Stopped by Arvid Holm without a rebound.
12:36 of 2nd period - Connor Zary wins face-off versus Jason Dickinson in Kelowna Rockets zone.
12:41 of 2nd period - Snap shot by Connor Zary.
12:41 of 2nd period - Stopped by Braden Holtby with a rebound.
12:43 of 2nd period - Slapshot by Anttoni Honka.
12:43 of 2nd period - Stopped by Braden Holtby with a rebound.
12:45 of 2nd period - Backhand shot by Nicholas Caamano.
12:45 of 2nd period - Shot Misses the Net.
12:47 of 2nd period - Wrist shot by Nicholas Caamano.
12:47 of 2nd period - Shot Blocked by Jason Dickinson.
12:49 of 2nd period - Wrist shot by Maxence Guenette.
12:49 of 2nd period - Stopped by Braden Holtby with a rebound.
12:51 of 2nd period - Minor Penalty to Jarred Tinordi for Hooking.
12:52 of 2nd period - Tomas Tatar wins face-off versus Jack Drury in Orlando Solar Bears zone.
13:31 of 2nd period - Slapshot by Matias Maccelli.
13:31 of 2nd period - Shot Blocked by Alexander Kerfoot.
13:33 of 2nd period - Snap shot by Joel Kiviranta.
13:33 of 2nd period - Goal by Joel Kiviranta - Kelowna Rockets : 2 - Orlando Solar Bears : 3.
13:34 of 2nd period - Riley Nash wins face-off versus Jason Dickinson in neutral zone.
13:37 of 2nd period - Tomas Tatar is hit by Matias Maccelli and loses puck.
13:42 of 2nd period - Snap shot by Matias Maccelli.
13:42 of 2nd period - Shot Blocked by Jason Dickinson.
13:44 of 2nd period - Slapshot by Maxence Guenette.
13:44 of 2nd period - Shot Blocked by Alexander Kerfoot.
13:46 of 2nd period - Snap shot by Riley Nash.
13:46 of 2nd period - Shot Blocked by Jarred Tinordi.
13:48 of 2nd period - Wrist shot by Riley Nash.
13:48 of 2nd period - Shot Misses the Net.
13:50 of 2nd period - Snap shot by Joel Kiviranta.
13:50 of 2nd period - Shot Misses the Net.
14:05 of 2nd period - Isaak Phillips is hit by Anttoni Honka and loses puck.
14:24 of 2nd period - Lucas Johansen is hit by Philip Tomasino and loses puck.
14:47 of 2nd period - Wrist shot by Jordan Martinook.
14:47 of 2nd period - Stopped by Arvid Holm with a rebound.
14:49 of 2nd period - Snap shot by Jordan Martinook.
14:49 of 2nd period - Deflect By Philip Tomasino.
14:49 of 2nd period - Shot Misses the Net.
14:49 of 2nd period - Puck is out of play.
14:50 of 2nd period - Jason Dickinson wins face-off versus Jack Drury in Kelowna Rockets zone.
14:51 of 2nd period - Snap shot by Tomas Tatar.
14:51 of 2nd period - Deflect By Bobby McMann.
14:51 of 2nd period - Goal by Tomas Tatar - Kelowna Rockets : 2 - Orlando Solar Bears : 4.
14:52 of 2nd period - Jason Dickinson wins face-off versus Riley Nash in neutral zone.
14:54 of 2nd period - TJ Brodie is hit by Matias Maccelli.
15:05 of 2nd period - Minor Penalty to Anttoni Honka for Hooking.
15:06 of 2nd period - Riley Nash wins face-off versus Jason Dickinson in Kelowna Rockets zone.
15:06 of 2nd period - Riley Nash is hit by Jason Dickinson.
15:21 of 2nd period - Slapshot by Alexander Kerfoot.
15:21 of 2nd period - Stopped by Arvid Holm with a rebound.
15:38 of 2nd period - Wrist shot by Alexander Kerfoot.
15:38 of 2nd period - Shot Misses the Net.
16:43 of 2nd period - Matias Maccelli is hit by Philip Tomasino and loses puck.
17:05 of 2nd period - Penalty to Anttoni Honka is over, Anttoni Honka is back on ice.
18:15 of 2nd period - Minor Penalty to Riley Nash for Charging.
18:16 of 2nd period - Joel Kiviranta wins face-off versus Jason Dickinson in Kelowna Rockets zone.
18:25 of 2nd period - TJ Brodie is hit by Bobby McMann and loses puck.
18:40 of 2nd period - Maxence Guenette is hit by Elliot Desnoyers.
19:00 of 2nd period - Oskari Laaksonen is hit by Philip Tomasino and loses puck.
Goals for this period are 1 for Kelowna Rockets vs 2 for Orlando Solar Bears.
Shots for this period are 8 for Kelowna Rockets vs 13 for Orlando Solar Bears.
3rd period
0:01 of 3rd period - Elliot Desnoyers wins face-off versus Matias Maccelli in neutral zone.
0:15 of 3rd period - Penalty to Riley Nash is over, Riley Nash is back on ice.
0:25 of 3rd period - Roby Jarventie is hit by Justin Danforth and loses puck.
0:56 of 3rd period - Snap shot by Alexander Kerfoot.
0:56 of 3rd period - Stopped by Arvid Holm with a rebound.
1:16 of 3rd period - Oskari Laaksonen is hit by Victor Soderstrom and loses puck.
1:41 of 3rd period - Snap shot by Nicholas Caamano.
1:41 of 3rd period - Shot Misses the Net.
1:43 of 3rd period - Wrist shot by Jasper Weatherby.
1:43 of 3rd period - Shot Misses the Net.
1:45 of 3rd period - Wrist shot by Nicholas Caamano.
1:45 of 3rd period - Stopped by Braden Holtby with a rebound.
1:55 of 3rd period - Snap shot by Philip Tomasino.
1:55 of 3rd period - Stopped by Arvid Holm with a rebound.
3:13 of 3rd period - Isaak Phillips is hit by Jasper Weatherby and loses puck.
3:28 of 3rd period - Anttoni Honka is hit by Travis Dermott and loses puck.
4:13 of 3rd period - Lucas Johansen is hit by Martin Pospisil.
4:17 of 3rd period - Oskari Laaksonen is hit by Adam Beckman and loses puck.
4:30 of 3rd period - Mavrik Bourque is hit by Elliot Desnoyers and loses puck.
4:47 of 3rd period - Snap shot by Matias Maccelli.
4:47 of 3rd period - Goal by Matias Maccelli - Kelowna Rockets : 3 - Orlando Solar Bears : 4.
4:48 of 3rd period - Jack Drury wins face-off versus Jason Dickinson in neutral zone.
5:13 of 3rd period - Connor Zary is hit by Jarred Tinordi and loses puck.
5:18 of 3rd period - Slapshot by Philip Tomasino.
5:18 of 3rd period - Shot Misses the Net.
5:20 of 3rd period - Snap shot by Jordan Martinook.
5:20 of 3rd period - Stopped by Arvid Holm without a rebound.
5:21 of 3rd period - Jason Dickinson wins face-off versus Connor Zary in Kelowna Rockets zone.
6:06 of 3rd period - Slapshot by Adam Ruzicka.
6:06 of 3rd period - Shot Misses the Net.
6:08 of 3rd period - Slapshot by Thomas Bordeleau.
6:08 of 3rd period - Stopped by Arvid Holm with a rebound.
6:10 of 3rd period - Wrist shot by Justin Danforth.
6:10 of 3rd period - Shot Misses the Net.
6:12 of 3rd period - Slapshot by Thomas Bordeleau.
6:12 of 3rd period - Deflect By Adam Ruzicka.
6:12 of 3rd period - Stopped by Arvid Holm without a rebound.
6:13 of 3rd period - Jason Dickinson wins face-off versus Riley Nash in Kelowna Rockets zone.
6:16 of 3rd period - Wrist shot by Tomas Tatar.
6:16 of 3rd period - Stopped by Arvid Holm with a rebound.
6:24 of 3rd period - Slapshot by Anttoni Honka.
6:24 of 3rd period - Stopped by Braden Holtby without a rebound.
6:25 of 3rd period - Riley Nash wins face-off versus Jason Dickinson in Orlando Solar Bears zone.
6:41 of 3rd period - Snap shot by Matias Maccelli.
6:41 of 3rd period - Stopped by Braden Holtby with a rebound.
6:49 of 3rd period - Riley Nash is hit by Jarred Tinordi and loses puck.
6:58 of 3rd period - Anttoni Honka is hit by TJ Brodie.
7:14 of 3rd period - Wrist shot by Tomas Tatar.
7:14 of 3rd period - Shot Misses the Net.
7:16 of 3rd period - Wrist shot by Jason Dickinson.
7:16 of 3rd period - Stopped by Arvid Holm without a rebound.
7:17 of 3rd period - Elliot Desnoyers wins face-off versus Jack Drury in Kelowna Rockets zone.
7:42 of 3rd period - Snap shot by Alex Turcotte.
7:42 of 3rd period - Stopped by Arvid Holm with a rebound.
7:44 of 3rd period - Snap shot by Victor Soderstrom.
7:44 of 3rd period - Deflect By Oskari Laaksonen.
7:44 of 3rd period - Stopped by Arvid Holm with a rebound.
7:46 of 3rd period - Snap shot by Martin Pospisil.
7:46 of 3rd period - Goal by Martin Pospisil - Kelowna Rockets : 3 - Orlando Solar Bears : 5.
7:47 of 3rd period - Riley Nash wins face-off versus Elliot Desnoyers in neutral zone.
7:49 of 3rd period - Off-side.
7:50 of 3rd period - Elliot Desnoyers wins face-off versus Riley Nash in neutral zone.
7:53 of 3rd period - Maxence Guenette is hit by Jordan Martinook and loses puck.
8:18 of 3rd period - Bobby McMann is hit by Adam Ruzicka and loses puck.
8:41 of 3rd period - Slapshot by Maxence Guenette.
8:41 of 3rd period - Stopped by Braden Holtby with a rebound.
8:43 of 3rd period - Slapshot by Maxence Guenette.
8:43 of 3rd period - Stopped by Braden Holtby without a rebound.
8:44 of 3rd period - Connor Zary wins face-off versus Elliot Desnoyers in Orlando Solar Bears zone.
8:51 of 3rd period - Wrist shot by Nicholas Caamano.
8:51 of 3rd period - Shot Misses the Net.
9:01 of 3rd period - Eemil Viro is hit by Isaak Phillips and loses puck.
9:49 of 3rd period - Icing by Jack Drury.
9:50 of 3rd period - Riley Nash wins face-off versus Alex Turcotte in Kelowna Rockets zone.
9:57 of 3rd period - Martin Pospisil is hit by Oskari Laaksonen and loses puck.
10:35 of 3rd period - Off-side.
10:36 of 3rd period - Connor Zary wins face-off versus Jason Dickinson in neutral zone.
10:39 of 3rd period - Snap shot by Nicholas Caamano.
10:39 of 3rd period - Deflect By Roby Jarventie.
10:39 of 3rd period - Stopped by Braden Holtby without a rebound.
10:39 of 3rd period - Minor Penalty to Braden Holtby for Slashing.
10:40 of 3rd period - Tomas Tatar wins face-off versus Riley Nash in Orlando Solar Bears zone.
11:07 of 3rd period - Philip Tomasino is hit by Riley Nash and loses puck.
12:39 of 3rd period - Penalty to Lukas Cormier is over, Lukas Cormier is back on ice.
12:47 of 3rd period - Icing by Lucas Johansen.
12:48 of 3rd period - Thomas Bordeleau wins face-off versus Jasper Weatherby in Kelowna Rockets zone.
12:57 of 3rd period - Wrist shot by Adam Ruzicka.
12:57 of 3rd period - Shot Misses the Net.
12:59 of 3rd period - Wrist shot by Thomas Bordeleau.
12:59 of 3rd period - Stopped by Arvid Holm without a rebound.
13:00 of 3rd period - Riley Nash wins face-off versus Thomas Bordeleau in Kelowna Rockets zone.
13:15 of 3rd period - Matias Maccelli is hit by Adam Ruzicka and loses puck.
13:26 of 3rd period - Jack Drury is hit by Tomas Tatar and loses puck.
13:47 of 3rd period - Wrist shot by Philip Tomasino.
13:47 of 3rd period - Goal by Philip Tomasino - Kelowna Rockets : 3 - Orlando Solar Bears : 6.
13:48 of 3rd period - Jason Dickinson wins face-off versus Riley Nash in neutral zone.
13:53 of 3rd period - Riley Nash is hit by Tomas Tatar and loses puck.
14:38 of 3rd period - Alex Turcotte is hit by Maxence Guenette and loses puck.
15:46 of 3rd period - Wrist shot by Jack Drury.
15:46 of 3rd period - Deflect By Jacob Perreault.
15:46 of 3rd period - Shot Blocked by Victor Soderstrom.
15:46 of 3rd period - Puck is out of play.
15:47 of 3rd period - Jack Drury wins face-off versus Elliot Desnoyers in Orlando Solar Bears zone.
15:48 of 3rd period - Wrist shot by Jacob Perreault.
15:48 of 3rd period - Shot Misses the Net.
15:50 of 3rd period - Slapshot by Maxence Guenette.
15:50 of 3rd period - Shot Misses the Net.
15:52 of 3rd period - Snap shot by Bobby McMann.
15:52 of 3rd period - Shot Misses the Net.
15:56 of 3rd period - Snap shot by Jacob Perreault.
15:56 of 3rd period - Shot Misses the Net.
15:58 of 3rd period - Snap shot by Jacob Perreault.
15:58 of 3rd period - Stopped by Braden Holtby with a rebound.
16:00 of 3rd period - Wrist shot by Jack Drury.
16:00 of 3rd period - Shot Misses the Net.
16:12 of 3rd period - Wrist shot by Connor Zary.
16:12 of 3rd period - Stopped by Braden Holtby without a rebound.
16:13 of 3rd period - Thomas Bordeleau wins face-off versus Connor Zary in Orlando Solar Bears zone.
16:28 of 3rd period - Snap shot by Connor Zary.
16:28 of 3rd period - Stopped by Braden Holtby with a rebound.
16:30 of 3rd period - Wrist shot by Roby Jarventie.
16:30 of 3rd period - Shot Misses the Net.
16:32 of 3rd period - Snap shot by Nicholas Caamano.
16:32 of 3rd period - Stopped by Braden Holtby without a rebound.
16:33 of 3rd period - Riley Nash wins face-off versus Jason Dickinson in Orlando Solar Bears zone.
16:34 of 3rd period - Slapshot by Matias Maccelli.
16:34 of 3rd period - Goal by Matias Maccelli - Kelowna Rockets : 4 - Orlando Solar Bears : 6.
16:35 of 3rd period - Connor Zary wins face-off versus Thomas Bordeleau in neutral zone.
17:11 of 3rd period - Riley Nash is hit by Jarred Tinordi and loses puck.
17:24 of 3rd period - Martin Pospisil is hit by Jacob Perreault and loses puck.
17:51 of 3rd period - Oskari Laaksonen is hit by Elliot Desnoyers and loses puck.
19:00 of 3rd period - Snap shot by Riley Nash.
19:00 of 3rd period - Stopped by Braden Holtby with a rebound.
19:16 of 3rd period - Riley Nash is hit by Justin Danforth and loses puck.
19:36 of 3rd period - Elliot Desnoyers is hit by Maxence Guenette and loses puck.
Goals for this period are 2 for Kelowna Rockets vs 2 for Orlando Solar Bears.
Shots for this period are 13 for Kelowna Rockets vs 12 for Orlando Solar Bears.
Back to the Top